 Dungeon Crawl Stone Soup version 0.29.0-7-g18a832c13a (webtiles) character file.

Game seed: 4509620052511033413

3991 RascalDebosk the Cleaver (level 10, -5/83 HPs)
             Began as a Minotaur Fighter on Aug 30, 2022.
             Was an Initiate of Trog.
             Killed by divine providence
             ... invoked by an orc priest
              (11 damage)
             ... on level 9 of the Dungeon.
             The game lasted 00:53:06 (10200 turns).

RascalDebosk the Cleaver (Minotaur Fighter)        Turns: 10200, Time: 00:53:06

Health: -5/83      AC: 13    Str: 25      XL:     10   Next: 3%
Magic:  9/9        EV:  9    Int:  1 (5)  God:    Trog [......]
Gold:   199        SH:  5    Dex: 10      Spells: 9/9 levels left

rFire   + . .      SeeInvis .   q - +8 mithril axe "Arga" {speed, Will+}
rCold   . . .      Faith    .   c - +0 buckler
rNeg    . . .      Spirit   .   C - +0 fire dragon scales
rPois   .          Reflect  .   (helmet restricted)
rElec   .          Harm     .   v - +0 cloak
rCorr   .          Rampage  .   (no gloves)
Will    +....                   y - +1 pair of boots
Stlth   ..........              (no amulet)
HPRegen 0.23/turn               e - ring of ice
MPRegen 0.11/turn               (no ring)

@: slowed, lost intelligence, unable to read, very slow
A: horns 2, retaliatory headbutt
a: Renounce Religion


You were on level 9 of the Dungeon.
You worshipped Trog.
Trog was noncommittal.
You visited 2 branches of the dungeon, and saw 10 of its levels.

You collected 654 gold pieces.
You spent 455 gold pieces at shops.

Inventory:

Hand Weapons
 a - a +2 war axe of electrocution
 d - the +7 flail of Exquisite Death {venom, Str+2}
   (You found it on level 5 of the Dungeon)

   It poisons the flesh of those it strikes.
   Str:       It affects your strength (+2).
 q - the +8 mithril axe "Arga" (weapon) {speed, Will+}
   (You took it off a goblin on level 3 of the Dungeon)

   Attacks with this weapon are significantly faster.
   Will:      It increases your willpower.
Missiles
 r - 5 boomerangs (quivered)
Armour
 c - a +0 buckler (worn)
 g - +0 acid dragon scales
 v - a +0 cloak (worn)
 y - a +1 pair of boots (worn)
 C - +0 fire dragon scales (worn)
 F - a +0 chain mail
Jewellery
 e - a ring of ice (left hand)
Wands
 o - a wand of flame (18)
 s - a wand of polymorph (13)
 A - a wand of light (18)
Scrolls
 b - 2 scrolls of teleportation
 h - 3 scrolls of magic mapping
 j - 3 scrolls of fear
 x - a scroll of blinking
 z - a scroll of identify
 B - 2 scrolls of poison
Potions
 f - 10 potions of curing
 i - a potion of ambrosia
 k - 2 potions of haste
 l - 3 potions of lignification
 m - a potion of flight
 n - 3 potions of mutation
 p - 3 potions of invisibility
 t - a potion of attraction {unknown}
 u - 5 potions of heal wounds
 w - 2 potions of might
 D - a potion of resistance {unknown}


   Skills:
 - Level 6.0 Fighting
 + Level 11.1 Axes
 + Level 8.9 Throwing
 - Level 6.0 Armour
 - Level 6.0 Shields


You had 9 spell levels left.
You didn't know any spells.
Your spell library was empty.

Dungeon Overview and Level Annotations

Branches:
Dungeon (9/15)             Temple (1/1) D:6
   Lair: D:8-11         Orc: D:9-12

Altars:
Ashenzari
Cheibriados
Dithmenos
Elyvilon
Fedhas
Gozag
Hepliaklqana
Kikubaaqudgha
Makhleb
Nemelex Xobeh
Okawaru
Qazlal
Ru
Sif Muna
Trog
Uskayaw
Vehumet
Wu Jian
Xom
Yredelemnul
Zin
The Shining One

Shops:
D:2 !

Portals:
Abyss: D:3

Annotations:
D:9 exclusion: orange crystal statue


Innate Abilities, Weirdness & Mutations

You have a pair of horns on your head.
You reflexively headbutt those who attack you in melee.


Message History

You hit the killer bee. Your headbutt misses the killer bee.
The killer bee is moderately wounded.
You block the killer bee's attack.
The killer bee stings you but does no damage.
The orc priest calls down the wrath of Beogh upon you.
Beogh smites you!
The killer bee stings you but does no damage.
You slice the killer bee!!
You kill the killer bee!
Trog accepts your kill.
You slash the killer bee! Your headbutt misses the killer bee.
The killer bee is heavily wounded.
The killer bee barely misses you. The killer bee stings you.
The killer bee misses you. You furiously retaliate!
You headbutt the killer bee. You slash the killer bee!
You kill the killer bee!
Trog accepts your kill.
A magic dart appears from out of thin air!
The magic dart hits you.
* * * LOW HITPOINT WARNING * * *
You feel your intelligence returning.
You slash something! Your headbutt misses something. Something hits you.
* * * LOW HITPOINT WARNING * * *
Unknown command.
You slash something! Trog accepts your kill.
Trog appreciates your killing of a magic user.
Reactivating autopickup.
You feel a bit more experienced.
Deactivating autopickup; reactivate with Ctrl-A.
You slash something! Your headbutt misses something.
Something hits you but does no damage.
The orc priest invokes the aid of Beogh against you.
Beogh smites you!
* * * LOW HITPOINT WARNING * * *
You closely miss something. Something hits you but does no damage.
The orc priest invokes the aid of Beogh against you.
Beogh smites you!
You die...

........# #.# [.......#
##.####### ........###
#........#
..........###........#
........#............#
........#####..).....##.
........# #...........
........# #........##
........# ####@#####
##.###### #)# #. #oy# #
##.# .# .. ... ... ..yo


You could see a killer bee and an orc priest.

Vanquished Creatures
  The ghost of PerfectTommy the Fighter, a novice MiFi of Ru (D:8)
  A troll (D:5)
  A wyvern (D:7)
  An acid dragon (D:8)
  Duvessa (D:5)
  2 water moccasins
  The ghost of Splishie the Slasher, an amateur GnWn (D:3)
  An ogre (D:4)
  2 small abominations (D:3)
  A centaur (D:9)
  A phantom (D:6)
  2 bullfrogs
  4 necrophages (D:4)
  3 scorpions
  A water moccasin zombie (D:4)
  Dowan (D:5)
  5 killer bees (D:9)
  4 howler monkeys
  A crimson imp (D:3)
  5 hounds
  2 gnoll boudas
  An orc priest (D:5)
  3 jellies
  Crazy Yiuf (D:3)
  5 iguanas
  10 orc wizards
  A hound zombie (D:4)
  11 gnolls
  8 adders
  A shadow imp (D:5)
  A white imp (D:8)
  2 ufetubi
  An adder zombie (D:4)
  3 worms
  A dart slug (D:3)
  16 orcs
  10 endoplasms
  4 giant cockroaches
  7 hobgoblins
  2 jackals (D:3)
  3 quokkas
  10 ball pythons
  7 bats
  3 frilled lizards
  6 goblins
  8 kobolds
  6 rats
  A bush (D:4)
173 creatures vanquished.

Vanquished Creatures (others)
  A bush (D:4)
  4 fungi (D:3)
  14 plants
19 creatures vanquished.

Grand Total: 192 creatures vanquished

Notes
Turn   | Place    | Note
-------+----------+-------------------------------------------
     0 | D:1      | RascalDebosk the Minotaur Fighter began the quest for the
                  | Orb.
     0 | D:1      | Reached XP level 1. HP: 19/19 MP: 0/0
   107 | D:1      | Reached XP level 2. HP: 27/27 MP: 1/1
  1233 | D:2      | Reached skill level 3 in Axes
  1237 | D:2      | Reached XP level 3. HP: 33/33 MP: 2/2
  1274 | D:2      | Found Koaseprui's Distillery.
  1287 | D:2      | Bought a potion of flight for 39 gold pieces
  1287 | D:2      | Bought a potion of curing for 39 gold pieces
  1770 | D:3      | Found a faded altar of an unknown god.
  2044 | D:3      | Reached XP level 4. HP: 39/40 MP: 3/3
  2084 | D:3      | Reached skill level 1 in Throwing
  2583 | D:3      | Found a runed translucent door.
  2584 | D:3      | Noticed Crazy Yiuf
  2589 | D:3      | Killed Crazy Yiuf
  2590 | D:3      | Reached XP level 5. HP: 47/47 MP: 4/4
  2648 | D:3      | Found a shadowy altar of Dithmenos.
  2759 | D:3      | Noticed a small abomination
  2763 | D:3      | Found a one-way gate to the infinite horrors of the Abyss.
  2765 | D:3      | Noticed Splishie's ghost (amateur GnWn)
  2767 | D:3      | Found a transporter.
  2798 | D:3      | Noticed a small abomination
  2833 | D:3      | Found a transporter.
  3032 | D:4      | Reached skill level 4 in Axes
  3135 | D:4      | Reached XP level 6. HP: 55/55 MP: 5/5
  3276 | D:4      | Reached skill level 5 in Fighting
  3276 | D:4      | Reached skill level 5 in Armour
  3276 | D:4      | Reached skill level 5 in Shields
  3747 | D:4      | Found a blossoming altar of Fedhas.
  3905 | D:4      | Reached XP level 7. HP: 61/61 MP: 6/6
  3950 | D:4      | Found a sparkling altar of Nemelex Xobeh.
  4280 | D:4      | Reached skill level 5 in Axes
  4300 | D:5      | Entered Level 5 of the Dungeon
  4377 | D:5      | Noticed Duvessa
  4405 | D:5      | Killed Duvessa
  4406 | D:5      | Reached skill level 6 in Axes
  4406 | D:5      | Reached XP level 8. HP: 30/70 MP: 7/7
  4650 | D:5      | Noticed a troll
  4652 | D:5      | Noticed Dowan
  4664 | D:5      | Killed Dowan
  4668 | D:5      | Killed a troll
  4669 | D:5      | Reached skill level 7 in Axes
  4669 | D:5      | Reached skill level 5 in Throwing
  5446 | D:5      | Identified the +7 flail of Exquisite Death {venom, Str+2}
  5795 | D:6      | Reached skill level 8 in Axes
  5860 | D:6      | Found a staircase to the Ecumenical Temple.
  6179 | D:6      | Reached XP level 9. HP: 30/75 MP: 8/8
  6688 | D:7      | Found a radiant altar of Vehumet.
  6688 | D:7      | Found an ancient bone altar of Kikubaaqudgha.
  6725 | Temple   | Entered the Ecumenical Temple
  6850 | Temple   | Became a worshipper of Trog the Wrathful
  7378 | D:7      | Found an ornate altar of the Wu Jian Council.
  7384 | D:7      | Reached skill level 9 in Axes
  7784 | D:2      | Bought a potion of curing for 39 gold pieces
  7784 | D:2      | Bought a potion of curing for 39 gold pieces
  7784 | D:2      | Bought a potion of invisibility for 104 gold pieces
  7784 | D:2      | Bought a potion of haste for 130 gold pieces
  7784 | D:2      | Bought a potion of heal wounds for 65 gold pieces
  7947 | D:3      | Killed Splishie's ghost
  8853 | D:8      | Noticed PerfectTommy's ghost (novice MiFi)
  8856 | D:8      | Reached skill level 10 in Axes
  8984 | D:8      | Found a runed translucent door.
  9303 | D:8      | Killed PerfectTommy's ghost
  9545 | D:9      | Noticed an orange crystal statue
  9547 | D:9      | Lost intelligence.
 10187 | D:9      | Reached skill level 11 in Axes
 10193 | D:9      | Reached XP level 10. HP: 39/83 MP: 9/9
 10200 | D:9      | Killed from afar by an orc priest

Illustrated notes

Levels and vault maps discovered:
D:1:      minmay_arrival_diagonal_passages, layout_basic, corexii_corridor_pit,
          chequers_big_river, kennysheep_small_spiral
D:2:      layout_rooms, serial_shops, shop
D:3:      layout_basic, mainiacjoe_overflow_tiny_flanked,
          shapermc_ecumenical_altar_mp_highgroup,
          gammafunk_ghost_abyssal_escape, uniq_crazy_yiuf_cottage
D:4:      layout_layer_cave, nemelex_dance_club_becter,
          fedhas_altar_decomposition
D:5:      layout_basic, uniq_duvessa
D:6:      layout_gridville, temple_pool_b
D:7:      layout_loops_ring, gammafunk_temple_overflow_statue,
          nicolae_wu_jian_immortal_techniques
D:8:      layout_loops_cross, hellmonk_ghost_happy_afterlife
D:9:      layout_roguey, minivault_16, minivault_22, uniq_erica
Temple:   nicolae_temple_superstar

Skill      XL: |  1  2  3  4  5  6  7  8  9 |
---------------+----------------------------+-----
Fighting       | 4 5 6 |  6.0
Armour         | 4 5 6 |  6.0
Shields        | 4 5 6 |  6.0
Axes           | 3 4 6 8 11 | 11.1
Throwing       | 1 2 4 6 8 |  8.9

Action                   |  1- 3 |  4- 6 |  7- 9 | 10-12 || total
-------------------------+-------+-------+-------+-------++-------
Melee: War axe           |    84 |       |       |       ||    84
       Headbutt          |    10 |     9 |    31 |       ||    50
       Broad axe         |     2 |    82 |   215 |     8 ||   307
Throw: Boomerang         |       |       |     3 |       ||     3
  Use: Scroll            |       |     9 |    10 |       ||    19
       Potion            |       |       |     6 |       ||     6
Armor: Scale mail        |    58 |    23 |    57 |       ||   138
       Chain mail        |       |       |    14 |       ||    14
       Fire dragon scale |       |       |    11 |     4 ||    15
       Acid dragon scale |       |       |     1 |       ||     1
Dodge: Dodged            |    50 |    19 |    69 |     2 ||   140
Block: Buckler           |    25 |    12 |    32 |     1 ||    70
